Cogmind - Beta 11.1 @@@ ROGUE MODE // 2022.07.05 @ 02:57:07 // Winter2019/RPGLIKE Player: Pogmind Result: Destroyed by P-70 Sage with Tesla Rifle Performance ------------- Evolutions (6) 3000 Regions Visited (22) 4400 Robots Destroyed (1411) 7055 Value Destroyed (70280) 70280 Prototype IDs (106) 2120 Alien Tech Used (1) 200 Bonus (76779) 76779 TOTAL SCORE: 163834 Bonus ------- Triggered High Security 3000 High Alert Combat Kills 37595 Follower Combat Kills 281 Entered Garrisons 600 Used RIF Installer 1500 Aligned with FarCom 300 MAIN.C Attacked Warlord 500 Warlord Defense Kills 34116 Friendly Fire -1113 Cogmind --------- Core Integrity 0/1200 Matter 300/300 Energy 685/700 System Corruption 3% Temperature Cool (26) Movement Hovering (38) Location -4/Factory Parts ------- > --- POWER (2) -------- Vortex Chain Reactor > --- PROPULSION (5) --- Combat Gravmag System Combat Gravmag System Combat Gravmag System Cooled Antigrav System Cooled Antigrav System > --- UTILITY (9) ------ Machine Analyzer Experimental Core Analyzer Armor Integrity Analyzer Recoil Nullifier Advanced Kinecellerator Advanced Transmission Jammer Experimental Reaction Control System Improved Hardlight Generator Long-range Tractor Beam > --- WEAPON (5) ------- Helical Railgun Helical Railgun Helical Railgun Helical Railgun Helical Railgun > --- INVENTORY (8) ---- Protomatter-58 Improved Weapon Cycler Graphene Brace Graphene Brace System Purifier Advanced Recalibrator Improved Remote Datajack Thunder Hammer Peak State ------------ > --- POWER ------------ Vortex Chain Reactor > --- PROPULSION ------- Combat Gravmag System Combat Gravmag System Combat Gravmag System Cooled Antigrav System Cooled Antigrav System > --- UTILITY ---------- Machine Analyzer Experimental Target Analyzer Experimental Core Analyzer Armor Integrity Analyzer Advanced Kinecellerator Improved Weapon Cycler Advanced Transmission Jammer Experimental Reaction Control System Improved Hardlight Generator > --- WEAPON ----------- Helical Railgun Helical Railgun Helical Railgun Helical Railgun Helical Railgun > --- INVENTORY -------- Improved Quantum Reactor Graphene Brace System Purifier Long-range Tractor Beam Advanced Recalibrator Improved Remote Datajack [Rating: 168] Favorites ----------- Power Light Neutrino Core Engine Improved Ion Engine Power Core Light Neutrino Core Reactor Vortex Chain Reactor Propulsion Improved Flight Unit Treads Light Treads Leg Enhanced Biometal Leg Hover Unit Combat Gravmag System Flight Unit Improved Flight Unit Utility Machine Analyzer Device Long-range Tractor Beam Storage Improved Energy Well Processor Machine Analyzer Hackware Relay Coupler [NC] Protection Centrium Light Armor Plating Weapon XL Autogun Array Energy Gun Spread Laser Energy Cannon Advanced Beam Cannon Ballistic Gun XL Autogun Array Ballistic Cannon Compact Linear Accelerator Launcher Heavy Missile Launcher Special Weapon Remote Datajack Impact Weapon Heavy Flail Slashing Weapon Mining Claw Piercing Weapon Plasma Lance Build | -11 -10 -10 -9 -9 -9 -8 -8 -8 -8 -8 -7 -7 -7 -7 -7 -7 -5 -5 -5 -5 -4 -4 ------- Run | Scr Mat Min Mat Min Exi Min Mat Gar Mat Gar Fac Was Fac Sto Gar Rec Fac Upp Upp War Pro Fac Slots Evolved 17 | 3 2 . . . 2 1 2 . . . 2 . 1 . . . 1 . . 1 2 . Power 1 | . . . . . . . . . . . . . . . . . . . . . 1 . Propulsion 4 | 1 1 . . . . . . . . . 1 . . . . . . . . . 1 . Utility 8 | 1 . . . . 1 1 1 . . . 1 . 1 . . . 1 . . 1 . . Weapon 4 | 1 1 . . . 1 . 1 . . . . . . . . . . . . . . . Parts Attached 331 | 7 18 8 10 2 32 4 18 1 2 . 9 6 14 8 3 7 36 5 1 99 13 28 Power 24 | 1 . . 1 . 5 . 2 . . . 1 2 2 . . . 3 . . 4 3 . Engine 5 | 1 . . 1 . 2 . . . . . . . 1 . . . . . . . . . Core 12 | . . . . . 2 . 2 . . . 1 2 1 . . . 3 . . 1 . . Reactor 7 | . . . . . 1 . . . . . . . . . . . . . . 3 3 . Propulsion 36 | 2 3 . . . 2 . 3 . . . 3 . 2 1 . . 1 . . 12 3 4 Treads 2 | 2 . . . . . . . . . . . . . . . . . . . . . . Leg 3 | . . . . . 1 . . . . . . . . . . . . . . 2 . . Wheel . | . . . . . . . . . . . . . . . . . . . . . . . Hover 13 | . . . . . . . 1 . . . . . . . . . . . . 6 3 3 Flight 18 | . 3 . . . 1 . 2 . . . 3 . 2 1 . . 1 . . 4 . 1 Utility 114 | 2 3 1 1 . 14 4 6 . . . 3 2 7 2 1 4 21 3 1 28 5 6 Device 91 | 2 2 1 . . 4 4 6 . . . 2 1 5 2 1 4 20 3 1 23 5 5 Storage 2 | . . . . . . . . . . . . . 1 . . . . . . . . 1 Processor 9 | . 1 . 1 . 1 . . . . . 1 . 1 . . . . . . 4 . . Hackware 11 | . . . . . 9 . . . . . . 1 . . . . 1 . . . . . Protection 1 | . . . . . . . . . . . . . . . . . . . . 1 . . Artifact . | . . . . . . . . . . . . . . . . . . . . . . . Weapon 157 | 2 12 7 8 2 11 . 7 1 2 . 2 2 3 5 2 3 11 2 . 55 2 18 Energy Gun 18 | . 5 2 1 . 2 . 2 . . . 1 . . 1 . . . . . 2 . 2 Energy Cannon 16 | . 3 3 5 . . . 1 . . . . . . 1 . . 1 . . 1 . 1 Ballistic Gun 63 | 2 2 . . . 6 . 1 . 2 . 1 . 1 1 . . 3 . . 33 1 10 Ballistic Cannon 17 | . . . . . . . . . . . . . 1 . . . . . . 14 . 2 Launcher 6 | . . 1 1 1 1 . . . . . . . . . . 1 1 . . . . . Special Weapon 12 | . 1 . . . 2 . . . . . . 2 . . 1 1 2 1 . . 1 1 Impact Weapon 22 | . 1 1 1 1 . . 3 1 . . . . 1 1 1 1 4 1 . 4 . 1 Slashing Weapon 2 | . . . . . . . . . . . . . . 1 . . . . . . . 1 Piercing Weapon 1 | . . . . . . . . . . . . . . . . . . . . 1 . . Special Melee Weapon . | . . . . . . . . . . . . . . . . . . . . . . . Unidentified Prototypes 57 | . 1 . 2 . 6 . 4 . 1 . 2 1 3 2 . . 5 . 1 20 1 8 Corrupted Parts 3 | . . . . . . . 1 . . . . . . . . . . . . 2 . . System Corruption 16 | . . . . . . . 5 . . . . . . . . . . . . 11 . . Parts Lost 1 | . . . . . . . 1 . . . . . . . . . . . . . . . Power . | . . . . . . . . . . . . . . . . . . . . . . . Propulsion . | . . . . . . . . . . . . . . . . . . . . . . . Utility . | . . . . . . . . . . . . . . . . . . . . . . . Weapon 1 | . . . . . . . 1 . . . . . . . . . . . . . . . Highest Loss Streak 1 | . . . . . . . 1 . . . . . . . . . . . . . . . To Critical Strikes . | . . . . . . . . . . . . . . . . . . . . . . . Average Slot Usage (%) 85 | . 99 100 100 100 76 73 76 78 77 78 80 80 81 81 82 82 82 83 83 80 96 94 Engine 2 | . 12 11 11 11 9 . . . . . . . . . . . . . . . . . Core 4 | . . . . . . 8 7 7 7 7 6 6 5 5 5 5 5 5 5 4 . . Hover 3 | . . . . . . . . . . . . . . . . . . . . 5 21 23 Flight 20 | . 22 33 33 33 29 26 22 21 21 21 24 25 24 23 23 23 22 22 22 11 . . Device 23 | . 24 22 16 11 7 20 26 28 28 28 25 18 17 17 22 23 25 27 27 28 24 25 Processor 11 | . . . 5 11 13 8 7 7 7 7 9 12 12 17 17 17 16 16 16 17 19 16 Energy Gun 1 | . 5 20 2 . 1 . . . . . . . . . . . . . . . . . Energy Cannon 2 | . 5 10 21 22 5 . . . . . . . . . . . . . . . . . Ballistic Gun 7 | . 10 . . . 3 8 7 7 6 7 6 6 5 5 5 5 5 5 5 8 24 22 Impact Weapon 4 | . 3 1 9 10 2 . 4 7 7 7 6 . 5 4 1 1 4 4 5 1 . . Naked Turns . | . . . . . . . . . . . . . . . . . . . . . . . Heaviest Build 89 | 10 15 16 20 19 26 26 30 30 30 30 33 32 32 32 30 37 39 41 41 58 83 89 Greatest Support 100 | 40 40 20 20 20 25 25 30 30 30 30 36 36 36 36 36 36 43 41 43 75 88 100 Greatest Overweight (x) 2 | . 2 1 . . 1 1 1 . . . . 1 1 1 . 1 1 . . 1 . 1 Average Overweight (x) . | . . . . . . . . . . . . . . . . . . . . . . . Largest Inventory Capacity 8 | 1 4 4 5 5 5 5 5 5 5 5 7 7 7 7 7 7 8 8 8 8 8 8 Average Capacity 6 | . 3 4 4 5 5 5 5 5 5 5 6 7 7 7 7 7 7 8 8 8 8 8 Most Carried 8 | . 4 4 5 5 5 5 5 5 5 5 7 7 7 7 7 7 8 8 8 8 8 8 Average Carried 5 | . 2 3 4 4 4 4 4 4 5 5 5 6 6 7 5 6 7 7 8 7 7 7 Final Capacity 8 | 1 4 4 5 5 5 5 5 5 5 5 7 7 7 7 7 7 8 8 8 8 8 8 Final Carried 8 | . 4 4 5 5 5 5 5 5 5 5 7 7 7 7 7 7 8 8 8 8 8 8 Class Distribution -------------------- 40% | Hacker-Sprinter 22% | Hacker-Gunner 14% | Hacker-Mutant 12% | Scavenger-Gunner 6% | Mutant Dominant Class ---------------- Mutant | -10/Materials Gunner | -10/Mines Hacker-Mutant | -9/Materials Hacker-Mutant | -9/Mines Hacker-Mutant | -9/Exiles Hacker-Gunner | -8/Mines Hacker-Gunner | -8/Materials Hacker-Gunner | -8/Garrison Hacker-Gunner | -8/Materials Hacker-Gunner | -8/Garrison Hacker-Sprinter | -7/Factory Hacker-Gunner | -7/Waste Hacker-Sprinter | -7/Factory Hacker-Sprinter | -7/Storage Hacker-Sprinter | -7/Garrison Hacker-Sprinter | -7/Recycling Hacker-Sprinter | -5/Factory Hacker-Sprinter | -5/Upper Caves Hacker-Sprinter | -5/Upper Caves Hacker-Sprinter | -5/Warlord Scavenger-Gunner | -4/Proximity Caves Scavenger-Gunner | -4/Factory Resources | -11 -10 -10 -9 -9 -9 -8 -8 -8 -8 -8 -7 -7 -7 -7 -7 -7 -5 -5 -5 -5 -4 -4 ----------- Run | Scr Mat Min Mat Min Exi Min Mat Gar Mat Gar Fac Was Fac Sto Gar Rec Fac Upp Upp War Pro Fac Matter Collected 47182 | 294 410 120 150 40 1251 605 1915 685 1445 645 6690 410 4918 245 855 4097 6663 438 687 10382 1388 2849 Remotely 42338 | 70 310 . . . . . 695 685 1445 510 6690 . 4851 245 855 4067 6653 438 687 10117 1241 2779 Salvage Created 71008 | 100 1968 325 2743 163 462 905 2559 1010 1815 681 7924 1383 7514 565 1135 6573 8449 891 1297 16658 2149 3739 Parts 4000 | 6 77 21 209 10 73 43 168 55 107 46 452 29 412 26 58 368 479 41 67 847 107 299 Haulers Intercepted 29 | . 2 . 6 . . . 6 . 2 . 3 . 5 1 . . 2 . . . . 2 Recyclers Shooed 7 | . . . . . . . 2 . 2 . . . . . . 1 . . . . . 2 Parts Field Recycled . | . . . . . . . . . . . . . . . . . . . . . . . Retrieved Matter . | . . . . . . . . . . . . . . . . . . . . . . . Parts Self-Destructed 203 | . . . . . . . . . . . . . . . . . . 40 50 . 113 . Prevented 4 | . . . . . . . . . . . . . . . . . . 3 . . 1 . Kills | -11 -10 -10 -9 -9 -9 -8 -8 -8 -8 -8 -7 -7 -7 -7 -7 -7 -5 -5 -5 -5 -4 -4 ------- Run | Scr Mat Min Mat Min Exi Min Mat Gar Mat Gar Fac Was Fac Sto Gar Rec Fac Upp Upp War Pro Fac Combat Hostiles Destroyed 1312 | . 20 10 44 10 4 18 35 26 32 19 162 6 146 5 26 161 140 17 19 299 33 80 Melee 1 | . . . 1 . . . . . . . . . . . . . . . . . . . Guns 1221 | . 19 5 1 . 1 18 35 26 31 19 160 6 140 5 26 143 140 17 19 299 33 78 Cannons 38 | . . 3 28 7 . . . . . . . . . . . . . . . . . . AOE 48 | . 1 2 11 3 3 . . . . . 2 . 6 . . 18 . . . . . 2 Classes Destroyed 33 | 2 7 1 2 . 3 1 2 . . 1 2 1 1 . 1 1 2 . 1 5 . . Worker 69 | . 23 . 21 . . . 4 . 1 . 5 . 6 1 . . 2 . . . . 6 Builder 33 | . 7 1 9 . . 1 5 . . . 4 . 4 . . . . . . . . 2 Tunneler 26 | 1 2 3 4 . . 1 4 . 3 . 3 . . . . . 2 . . . . 3 Hauler 29 | . 2 . 6 . . . 6 . 2 . 3 . 5 1 . . 2 . . . . 2 Recycler 36 | 1 5 . 6 . . . 9 . 1 . 4 . 2 . . 4 1 . . . 2 1 Carrier 1 | . . . . . . . . . . . . . 1 . . . . . . . . . Mechanic 38 | . . . 2 . . . . . . . 4 . 10 . . 9 6 . . 7 . . Operator 13 | . 3 . 2 . . . . . 1 . 2 . 1 . . . 3 . . . . 1 Drone 25 | . . . . . . . . . . . . . . . . 25 . . . . . . Turret 1 | . . . . . 1 . . . . . . . . . . . . . . . . . Watcher 41 | . 3 . 5 . . . 5 . 5 . 7 . 4 1 . . 7 . . . 2 2 Swarmer 139 | . 3 5 14 7 . 3 6 8 3 5 10 . 13 . 4 . 11 4 . 20 8 15 Cutter 2 | . . . . . . . . . . . . . . . 2 . . . . . . . Saboteur 20 | . . . . . . . . . . . . . . . . . 5 . . 12 . 3 Grunt 524 | . 17 4 19 3 . 12 14 13 16 7 65 . 62 . 12 56 48 6 9 124 7 30 Brawler 92 | . . . . . . 3 . 1 1 . 14 . 9 . 4 13 9 1 1 29 4 3 Duelist 69 | . . . 1 . . . . 1 . . 19 . 6 . 3 9 5 3 . 16 . 6 Protector 67 | . . . . . . . . . . . 11 . 7 . . 19 6 . . 20 1 3 Sentry 117 | . . 1 10 . . . 12 3 9 4 21 . 20 5 . 4 14 1 1 . 7 5 Demolisher 9 | . . . . . . . . . . . . . . . . . . . . 9 . . Specialist 13 | . . . . . . . . . . 2 . . . . 1 . . . . 10 . . Hunter 97 | . . . . . . . 2 . 2 1 15 . 21 . . 26 15 . . 7 1 7 Programmer 66 | . . . . . . . . . . . 6 . 8 . . 9 24 2 4 4 3 6 Heavy 7 | . . . . . . . 1 . 1 . 1 . . . . . 2 . . . . 2 Behemoth 7 | . . . . . . . . . . . . . . . . . 1 . 1 3 2 . Compactor 6 | . . . . . . . . . . . . 6 . . . . . . . . . . Striker 13 | . . . . . . . . . . . . . . . . . . . . 13 . . Executioner 17 | . . . . . . . . . . . . . . . . . . . . 17 . . Zionite 8 | . . . . . 8 . . . . . . . . . . . . . . . . . Packrat 1 | . . . . . . . . . . . . . . . . . . . 1 . . . Tinkerer 5 | . . . . . . . . . . . . . . . . . . . . 5 . . Master Thief 3 | . . . . . . . . . . . . . . . . . . . 3 . . . Assembled 7 | . . . . . 7 . . . . . . . . . . . . . . . . . Thug 1 | . . . . . . . . . . . . . . . . . . . . 1 . . Bouncer 5 | . . . . . . . . . . . . . . . . . . . . 5 . . Marauder 2 | . . . . . . . . . . . . . . . . . . . . 2 . . Mutant 1 | . . . . . . . . . . . . . . . . . . . . 1 . . Sapper 3 | . . . . . . . . . . . . . . . . . . . . 3 . . Commander 1 | . . . . . . . . . . . . . . . . . . . . 1 . . Best Kill Streak 62 | 1 15 19 13 4 7 4 11 6 18 6 35 3 43 9 12 42 44 7 7 62 6 14 Combat Bots Only 61 | . 4 3 11 4 3 4 6 6 9 6 34 3 38 7 12 39 37 7 7 61 5 14 Max Kills in Single Turn 7 | 1 2 1 4 3 4 1 2 2 1 1 5 1 4 2 2 7 3 2 2 4 3 5 Gunslinging 2 | . 1 . . . . . . . . . . . . . . . . . . . 2 1 Exploded 7 | . 1 1 4 3 2 . . . . . 1 . 2 . . 7 . . . . . 1 Melee 1 | . . . 1 . . . . . . . . . . . . . . . . . . . Uniques/NPCs Destroyed 6 | . . . . . 4 . . . . . . . . . . . . . . 2 . . 8R-AWN (-9/Exiles) EX-DEC (-9/Exiles) EX-BIN (-9/Exiles) EX-HEX (-9/Exiles) Warlord (-5/Warlord) Fake God Mode (-5/Warlord) Combat | -11 -10 -10 -9 -9 -9 -8 -8 -8 -8 -8 -7 -7 -7 -7 -7 -7 -5 -5 -5 -5 -4 -4 -------- Run | Scr Mat Min Mat Min Exi Min Mat Gar Mat Gar Fac Was Fac Sto Gar Rec Fac Upp Upp War Pro Fac Damage Taken 26035 | . 625 94 1297 206 466 58 365 263 328 103 2970 . 2201 207 267 2386 3204 221 106 6847 724 3097 Core 21045 | . 503 74 1041 164 390 43 313 209 258 82 2406 . 1779 163 211 1892 2621 182 91 5592 582 2449 Absorbed by Shields 1774 | . . . . . . . . 17 . 25 55 . . . 51 21 123 . . 282 108 1092 Redirected to Core 17370 | . 399 66 851 125 284 43 184 163 245 67 1958 . 1448 146 180 1720 2105 141 54 4505 489 2197 Core Remaining (%) 99 | 100 . 100 . . . 100 . . . 100 . . . . . 100 . . . . 94 . Volleys Fired 3224 | 7 93 23 264 26 48 37 115 45 95 43 440 37 301 11 55 289 424 28 48 623 64 108 Largest 5 | 2 2 3 3 2 1 1 1 1 1 1 1 1 1 1 1 1 1 1 1 5 5 5 Hottest 350 | 40 130 190 190 136 60 60 60 60 60 60 60 60 60 60 60 60 60 60 60 350 190 190 Shots Fired 4226 | 10 168 51 537 50 48 37 121 45 95 43 440 37 301 11 55 289 423 28 48 635 244 510 Gun 3493 | 10 119 28 21 . 35 37 121 45 95 43 440 30 301 11 55 253 417 24 48 629 225 506 Cannon 629 | . 41 20 511 48 . . . . . . . . . . . . . . . 6 . 3 Launcher 18 | . . 3 5 2 3 . . . . . . . . . . 5 . . . . . . Special 86 | . 8 . . . 10 . . . . . . 7 . . . 31 6 4 . . 19 1 Kinetic 3411 | 10 88 . . . 35 37 115 45 95 43 440 30 301 11 55 253 417 24 48 630 225 509 Thermal 722 | . 80 48 532 48 10 . . . . . . . . . . . . . . 4 . . Explosive 18 | . . 3 5 2 3 . . . . . . . . . . 5 . . . . . . Electromagnetic 6 | . . . . . . . 6 . . . . . . . . . . . . . . . Entropic 1 | . . . . . . . . . . . . . . . . . . . . 1 . . Robot Hit Streak 62 | 5 12 14 19 5 34 17 21 16 21 20 38 28 28 18 24 31 51 62 18 29 18 29 Robot Miss Streak 8 | 1 5 5 6 3 2 4 4 4 3 2 6 1 4 2 7 8 5 2 6 7 4 6 Penetration Max 2 | . . . . . . . . . . . . . . . . . . . . . 1 2 Secondary Targets 55 | . 4 . . . . . . . . . . . . . . . . . . . 9 42 Max Gunslinging Chain 2 | . 1 . . . . . . . . . . . . . . . . . . . 2 2 Autonomous 6 | . . . . . . . 6 . . . . . . . . . . . . . . . Shots Hit Robots 3172 | 8 115 36 218 16 45 35 112 36 69 26 356 36 282 11 41 278 319 28 46 611 145 303 Core Hits 3173 | 4 78 40 118 13 41 33 91 41 71 27 397 24 317 13 51 365 384 33 47 741 67 177 Critical Kills 24 | . . . 2 . . . 1 . . . 1 . . . . . . . . . 7 13 Critical Parts Destroyed 37 | . 10 . 5 . . . . 1 1 . 2 . 2 . . . . . . . 6 10 Critical Strikes 62 | . 10 . 7 . . . 1 1 1 . 3 . 2 . . . . . . . 14 23 Meltdown 2 | . . . 2 . . . . . . . . . . . . . . . . . . . Destroy 38 | . 1 . . . . . . . . . . . . . . . . . . . 14 23 Smash 22 | . 9 . 5 . . . 1 1 1 . 3 . 2 . . . . . . . . . Melee Attacks 383 | . 60 6 29 . . . 42 5 26 3 56 . 20 2 . 18 110 . 1 5 . . Impact 383 | . 60 6 29 . . . 42 5 26 3 56 . 20 2 . 18 110 . 1 5 . . Slashing . | . . . . . . . . . . . . . . . . . . . . . . . Piercing . | . . . . . . . . . . . . . . . . . . . . . . . Sneak Attacks 51 | . 34 3 5 . . . 5 . 1 . 2 . 1 . . . . . . . . . Combat Hostiles . | . . . . . . . . . . . . . . . . . . . . . . . Follow-up Attacks . | . . . . . . . . . . . . . . . . . . . . . . . Damage Inflicted 198827 | 91 4059 788 5665 495 2903 2050 6301 2459 4404 1573 25050 2455 21729 884 2592 20464 21545 1857 3229 50628 4675 12931 Guns 177142 | 91 1017 272 282 . 2401 2048 5839 2354 3847 1573 23443 2455 17876 884 2592 16665 21025 1857 3229 50628 4636 12128 Cannons 4238 | . 36 108 3752 342 . . . . . . . . . . . . . . . . . . Explosions 11769 | . 73 147 712 153 411 . 4 . 324 . 1192 . 3592 . . 3799 520 . . . 39 803 Melee 5582 | . 2930 261 919 . . . 458 105 233 . 415 . 261 . . . . . . . . . Ramming 5 | . 3 . . . . 2 . . . . . . . . . . . . . . . . Kinetic 176140 | 91 728 . . . 2401 2048 5680 2354 3847 1573 23443 2455 17876 884 2592 16665 21025 1857 3229 50628 4636 12128 Thermal 8335 | . 335 380 4034 342 91 . . . 114 . 743 . 1099 . . . 355 . . . 39 803 Explosive 8196 | . 44 147 667 153 411 . 4 . . . 396 . 2440 . . 3799 135 . . . . . Electromagnetic 569 | . 19 . 45 . . . 159 . 210 . 53 . 53 . . . 30 . . . . . Impact 5582 | . 2930 261 919 . . . 458 105 233 . 415 . 261 . . . . . . . . . Slashing . | . . . . . . . . . . . . . . . . . . . . . . . Piercing . | . . . . . . . . . . . . . . . . . . . . . . . Highest Corruption 12 | . . . . . . . 5 . . . 1 12 8 1 . 2 3 1 . 10 1 2 Average Corruption 2 | . . . . . . . 2 . . . 1 8 4 1 . 1 1 1 . 2 1 1 Corruption Purged 52 | . . . . . . . 5 . . . 1 10 9 1 . 4 6 1 . 14 1 . Corruption Blocked 8 | . . . . . . . . . . . . . . . . . . . . 8 . . Effects 41 | . . . . . . . 2 . . . . 11 3 . . 5 7 . . 11 . 2 Message Errors 7 | . . . . . . . . . . . . 2 . . . . 1 . . 4 . . Matter Fused 11 | . . . . . . . . . . . . 1 3 . . 1 2 . . 3 . 1 Heat Flow Errors 5 | . . . . . . . 1 . . . . . . . . 2 . . . 2 . . Energy Discharges 8 | . . . . . . . 1 . . . . 1 . . . 2 2 . . 2 . . Parts Rejected 1 | . . . . . . . . . . . . 1 . . . . . . . . . . Data Loss (minor) 3 | . . . . . . . . . . . . 2 . . . . 1 . . . . . Data Loss (major) 1 | . . . . . . . . . . . . 1 . . . . . . . . . . Misfires 2 | . . . . . . . . . . . . 1 . . . . . . . . . 1 Alerts 1 | . . . . . . . . . . . . 1 . . . . . . . . . . Weapon Failures 2 | . . . . . . . . . . . . 1 . . . . 1 . . . . . Overload Shots . | . . . . . . . . . . . . . . . . . . . . . . . Overflow Damage 4372 | . 1711 190 789 3 15 . 200 52 174 . 439 . 475 . . 85 97 . . . . 142 Projectiles 73 | . . . 70 3 . . . . . . . . . . . . . . . . . . Explosions 834 | . . 3 26 . 15 . . . . . 230 . 236 . . 85 97 . . . . 142 Melee 3465 | . 1711 187 693 . . . 200 52 174 . 209 . 239 . . . . . . . . . Knockbacks 14 | . 10 1 1 . . . . 1 . . . . 1 . . . . . . . . . Impact 14 | . 10 1 1 . . . . 1 . . . . 1 . . . . . . . . . Kinetic . | . . . . . . . . . . . . . . . . . . . . . . . Secondary . | . . . . . . . . . . . . . . . . . . . . . . . Self-Inflicted Damage 478 | . 67 . . 26 . 1 67 . . . 75 . 66 . . 78 65 . . . 33 . Shots 8 | . 1 . . 1 . . 1 . . . 1 . 1 . . 1 1 . . . 1 . Rammed 2 | . 1 . . . . 1 . . . . . . . . . . . . . . . . Targets Rammed 2 | . 1 . . . . 1 . . . . . . . . . . . . . . . . Kicked . | . . . . . . . . . . . . . . . . . . . . . . . Crushed . | . . . . . . . . . . . . . . . . . . . . . . . Highest Temperature 512 | . 342 222 459 65 160 86 269 116 111 118 332 . 50 11 15 180 202 71 45 512 14 20 Average Temperature 53 | . 96 75 64 20 55 31 48 37 36 41 43 . 12 6 4 21 51 41 31 64 7 5 Received Heat Transfer 5299 | . 333 21 543 33 . 27 99 96 126 45 843 . 705 18 123 516 415 54 9 857 42 394 Effects 7 | . 2 . 3 . . . . . . . . . . . . . . . . 2 . . Shutdowns 1 | . . . 1 . . . . . . . . . . . . . . . . . . . Energy Bleed 3 | . . . 2 . . . . . . . . . . . . . . . . 1 . . Interference 2 | . 2 . . . . . . . . . . . . . . . . . . . . . Short Circuit 1 | . . . . . . . . . . . . . . . . . . . . 1 . . Siege Activations . | . . . . . . . . . . . . . . . . . . . . . . . Robots Corrupted . | . . . . . . . . . . . . . . . . . . . . . . . Combat Hostiles . | . . . . . . . . . . . . . . . . . . . . . . . Parts Fried 58 | . 32 4 10 . . . 3 . 4 . . . 5 . . . . . . . . . Impact Corruptions 98 | . 54 7 16 . . . 7 1 4 . 2 . 7 . . . . . . . . . Robots Melted 4 | . . . 4 . . . . . . . . . . . . . . . . . . . Combat Hostiles 2 | . . . 2 . . . . . . . . . . . . . . . . . . . Parts Melted 33 | . 1 1 16 1 4 . . . . . 7 . . . . . . . . . 1 2 Heat Transferred 11688 | . 479 557 7459 592 296 . . . 50 . 550 . 725 . . . 250 . . . 80 650 Parts Sabotaged . | . . . . . . . . . . . . . . . . . . . . . . . Parts Stolen . | . . . . . . . . . . . . . . . . . . . . . . . Parts Stripped . | . . . . . . . . . . . . . . . . . . . . . . . Power Chain Reactions 4 | . . . . . . . . . 1 . 1 . . . . . 2 . . . . . Missiles Intercepted . | . . . . . . . . . . . . . . . . . . . . . . . Alert | -11 -10 -10 -9 -9 -9 -8 -8 -8 -8 -8 -7 -7 -7 -7 -7 -7 -5 -5 -5 -5 -4 -4 ------- Run | Scr Mat Min Mat Min Exi Min Mat Gar Mat Gar Fac Was Fac Sto Gar Rec Fac Upp Upp War Pro Fac Peak Influence 10609 | 10 1004 966 2050 1257 . 521 1247 1702 1793 1993 7542 2700 7495 3711 3338 5586 10609 . . . . 3470 Initial 3409 | . 6 391 298 780 . . 202 732 829 1165 1045 2639 1890 3409 2399 1501 3245 . . . . 231 Average 2636 | 5 463 713 839 1112 . 299 845 1293 1310 1546 4163 2695 4489 3555 2962 3662 7470 . . . . 1539 Maximum Alert Level 5 | . 3 3 5 4 . 2 4 5 5 5 5 5 5 5 5 5 5 . . . . 5 Low Security (%) 4 | 100 15 . 6 . . 39 5 . . . . . . . . . . . . . . . Level 1 9 | . 37 2 27 . . 20 11 . . . . . . . . . . . . . . 19 Level 2 9 | . 23 36 19 . . 40 22 . 1 . . . . . . . . . . . . 4 Level 3 10 | . 23 60 13 46 . . 6 27 30 . 2 . . . . . . . . . . 14 Level 4 18 | . . . 17 53 . . 54 49 40 62 18 . . . . . . . . . . 10 Level 5 17 | . . . 15 . . . . 22 27 37 22 100 33 94 100 2 11 . . . . 28 High Security 29 | . . . . . . . . . . . 56 . 66 5 . 96 88 . . . . 22 Max Security . | . . . . . . . . . . . . . . . . . . . . . . . Sterilizations 4 | . . . . . . . . . . . 1 . 1 . . 1 1 . . . . . Squads Dispatched 183 | . 7 . 11 . . . 5 . 3 . 40 . 32 4 . 32 29 . . . . 20 Investigation 33 | . 5 . 5 . . . 2 . 3 . 8 . 4 2 . . 1 . . . . 3 Extermination 6 | . . . . . . . . . . . 1 . 1 . . . 1 . . . . 3 Reinforcement 9 | . 2 . 2 . . . . . . . 3 . . . . . 1 . . . . 1 Assault 124 | . . . 4 . . . . . . . 28 . 24 2 . 32 24 . . . . 10 Garrison 11 | . . . . . . . 3 . . . . . 3 . . . 2 . . . . 3 Intercept . | . . . . . . . . . . . . . . . . . . . . . . . Searches Triggered . | . . . . . . . . . . . . . . . . . . . . . . . Construction Impeded 1 | . . . . . . . . . . . 1 . . . . . . . . . . . Haulers Reinforced 1 | . . . . . . . . . . . . . . . . . . . . . . 1 Active Scanning Responses . | . . . . . . . . . . . . . . . . . . . . . . . Cargo Convoy Interrupts . | . . . . . . . . . . . . . . . . . . . . . . . Stealth | -11 -10 -10 -9 -9 -9 -8 -8 -8 -8 -8 -7 -7 -7 -7 -7 -7 -5 -5 -5 -5 -4 -4 --------- Run | Scr Mat Min Mat Min Exi Min Mat Gar Mat Gar Fac Was Fac Sto Gar Rec Fac Upp Upp War Pro Fac Distress Signals 15 | . 3 . 2 . . . 1 . 1 . . . 1 1 . 1 . . . . . 5 Communications Jammed 503 | . . . . . . . 24 . 7 . 137 . 38 . . 119 64 . . 31 15 68 Distress Signals 453 | . . . . . . . 22 . 4 . 130 . 36 . . 96 56 . . 31 15 63 Times Spotted 1623 | . 27 11 68 10 21 17 36 24 33 15 221 6 191 8 25 245 178 17 15 309 34 112 Peak Tracking Total 28 | . 5 3 10 4 7 2 4 4 6 2 23 3 16 4 3 28 15 7 4 24 5 14 Tactical Retreats 30 | . . 2 1 . 3 . . . 1 . 3 . 4 . . 3 . . . 9 . 4 Traps | -11 -10 -10 -9 -9 -9 -8 -8 -8 -8 -8 -7 -7 -7 -7 -7 -7 -5 -5 -5 -5 -4 -4 ------- Run | Scr Mat Min Mat Min Exi Min Mat Gar Mat Gar Fac Was Fac Sto Gar Rec Fac Upp Upp War Pro Fac Traps Triggered 58 | . 3 . 1 . . . 2 11 . 6 5 . 2 2 3 . 7 . . 16 . . Indirectly 1 | . . . . . . . . . . . . . 1 . . . . . . . . . Trap Hack Attempts . | . . . . . . . . . . . . . . . . . . . . . . . Triggered . | . . . . . . . . . . . . . . . . . . . . . . . Disarmed . | . . . . . . . . . . . . . . . . . . . . . . . Reprogrammed . | . . . . . . . . . . . . . . . . . . . . . . . Reused 17 | . . . . . . . . . . . 7 . 10 . . . . . . . . . Traps Reconfigurated 126 | . . . . . . . 8 18 9 11 21 . 20 2 5 . 32 . . . . . Traps Extracted . | . . . . . . . . . . . . . . . . . . . . . . . Installed . | . . . . . . . . . . . . . . . . . . . . . . . Triggered 17 | . . . . . . . . . . . 7 . 10 . . . . . . . . . Machines | -11 -10 -10 -9 -9 -9 -8 -8 -8 -8 -8 -7 -7 -7 -7 -7 -7 -5 -5 -5 -5 -4 -4 ---------- Run | Scr Mat Min Mat Min Exi Min Mat Gar Mat Gar Fac Was Fac Sto Gar Rec Fac Upp Upp War Pro Fac Machines Disabled 669 | . 24 7 56 11 10 4 46 5 44 9 121 . 80 3 8 17 183 1 1 4 4 31 Max in Single Turn 8 | . 3 1 2 2 2 2 2 1 5 2 6 . 8 1 2 1 6 1 1 1 1 6 Garrison Access 6 | . . . . . . . . . . . 2 . . . . . 3 . . . . 1 Garrison Relay 12 | . . . . . . . . 4 . 4 . . . . 4 . . . . . . . Phase Generator 2 | . . . . . . . . . . 1 . . . . 1 . . . . . . . Machines Sabotaged 2 | . . . 1 . . . . . . . 1 . . . . . . . . . . . Garrisons Compromised . | . . . . . . . . . . . . . . . . . . . . . . . Overloaded Fab Kills 4 | . . . . . . . . . . . 4 . . . . . . . . . . . Hacking | -11 -10 -10 -9 -9 -9 -8 -8 -8 -8 -8 -7 -7 -7 -7 -7 -7 -5 -5 -5 -5 -4 -4 --------- Run | Scr Mat Min Mat Min Exi Min Mat Gar Mat Gar Fac Was Fac Sto Gar Rec Fac Upp Upp War Pro Fac Machines Accessed 124 | . 8 1 12 . 2 1 14 . 14 . 15 . 11 7 . 10 4 1 3 6 2 13 Terminals 82 | . 6 1 9 . . 1 11 . 10 . 12 . 9 6 . 4 2 . 1 . 1 9 Fabricators 4 | . . . . . . . . . . . 2 . . . . . . . . . . 2 Repair Stations . | . . . . . . . . . . . . . . . . . . . . . . . Recycling Units 20 | . 2 . 2 . . . 2 . 2 . . . 2 . . 6 2 . . . 1 1 Scanalyzers 2 | . . . 1 . . . . . 1 . . . . . . . . . . . . . Garrison Access 5 | . . . . . . . 1 . 1 . 1 . . 1 . . . . . . . 1 Total Hacks 473 | . 20 2 65 . 3 3 71 . 60 . 67 . 48 27 . 26 14 1 3 16 4 43 Successful 281 | . 9 . 32 . 3 1 43 . 38 . 34 . 23 16 . 19 10 1 3 16 3 30 Failed 187 | . 10 2 32 . . 2 27 . 21 . 33 . 25 11 . 6 4 . . . 1 13 Catastrophic 22 | . 2 . 4 . . . 6 . 4 . 3 . 2 . . . . . . . . 1 Database Lockouts 5 | . 1 . 1 . . . 1 . 1 . . . . . . 1 . . . . . . Manual 276 | . 16 2 45 . 1 3 39 . 33 . 32 . 35 12 . 22 8 . . . 3 25 Terminals 405 | . 17 2 62 . . 3 67 . 56 . 60 . 46 26 . 20 9 . 1 . 1 35 Fabricators 10 | . . . . . . . . . . . 5 . . . . . . . . . . 5 Repair Stations . | . . . . . . . . . . . . . . . . . . . . . . . Recycling Units 27 | . 3 . 2 . . . 2 . 2 . . . 2 . . 6 5 . . . 3 2 Scanalyzers 2 | . . . 1 . . . . . 1 . . . . . . . . . . . . . Garrison Access 7 | . . . . . . . 2 . 1 . 2 . . 1 . . . . . . . 1 Terminal Hacks 177 | . 3 . 20 . 3 1 33 . 27 . 18 . 13 11 . 10 4 1 3 16 1 13 Record 18 | . . . . . 2 . . . . . . . . . . . . . 2 14 . . Part Schematic 6 | . . . . . . . . . . . 3 . . . . . . . . . . 3 Robot Schematic 1 | . . . . . . . . . . . 1 . . . . . . . . . . . Robot Analysis 29 | . 1 . 1 . . 1 8 . 5 . . . 5 5 . 1 . . . . . 2 Prototype ID Bank 25 | . . . 2 . . . 3 . 4 . 7 . 1 . . 7 . . . . . 1 Open Door 7 | . . . . . . . . . . . . . . 2 . . . 1 1 2 1 . Level Access Points 2 | . . . . . . . 1 . . . 1 . . . . . . . . . . . Branch Access Points 8 | . . . 1 . . . 2 . 1 . 1 . 1 . . . 1 . . . . 1 Emergency Access Points 4 | . . . . . . . 1 . 3 . . . . . . . . . . . . . Machine Index 3 | . . . 1 . . . 1 . 1 . . . . . . . . . . . . . Terminal Index 1 | . . . 1 . . . . . . . . . . . . . . . . . . . Fabricator Index 1 | . . . . . . . . . . . . . . . . . . . . . . 1 Garrison Index 2 | . . . . . . . . . . . . . 1 1 . . . . . . . . Alert Level 9 | . . . 2 . . . 6 . 1 . . . . . . . . . . . . . Unreport Threat 27 | . . . 6 . . . 6 . 7 . 3 . . . . 1 2 . . . . 2 Locate Traps 16 | . 2 . 2 . . . 2 . 3 . 1 . 3 2 . . 1 . . . . . Maintenance Status 1 | . . . 1 . . . . . . . . . . . . . . . . . . . Extermination Status 1 | . . . . . . . . . . . . . . . . . . . . . . 1 Recall Extermination 1 | . . . . . . . . . . . . . . . . . . . . . . 1 Recall Assault 1 | . . . . . . . . . . . . . . . . . . . . . . 1 Hauler Manifests 8 | . . . 1 . . . 2 . 1 . 1 . 1 1 . 1 . . . . . . Registered Prototypes 1 | . . . . . . . 1 . . . . . . . . . . . . . . . Zone Layout 4 | . . . 2 . . . . . 1 . . . 1 . . . . . . . . . EX-Prototype ID Bank 1 | . . . . . 1 . . . . . . . . . . . . . . . . . Fabricator Hacks 8 | . . . . . . . . . . . 3 . . . . . . . . . . 5 Network Status 2 | . . . . . . . . . . . 1 . . . . . . . . . . 1 Load Schematic 3 | . . . . . . . . . . . 1 . . . . . . . . . . 2 Build 3 | . . . . . . . . . . . 1 . . . . . . . . . . 2 Repair Station Hacks . | . . . . . . . . . . . . . . . . . . . . . . . Recycling Unit Hacks . | . . . . . . . . . . . . . . . . . . . . . . . Scanalyzer . | . . . . . . . . . . . . . . . . . . . . . . . Garrison Access Hacks 5 | . . . . . . . 1 . 1 . 1 . . 1 . . . . . . . 1 Unlock Access 4 | . . . . . . . 1 . 1 . 1 . . 1 . . . . . . . . Seal Access 1 | . . . . . . . . . . . . . . . . . . . . . . 1 Unauthorized Hacks 91 | . 6 . 12 . . . 9 . 10 . 12 . 10 4 . 9 6 . . . 2 11 Terminals 62 | . 4 . 9 . . . 7 . 7 . 9 . 8 4 . 3 2 . . . . 9 Track 3 | . . . . . . . 1 . 1 . . . 1 . . . . . . . . . Assimilate 11 | . 1 . 1 . . . . . 1 . 3 . . 2 . . . . . . . 3 Botnet 28 | . 2 . 3 . . . 3 . 4 . 2 . 3 2 . 3 1 . . . . 5 Detonate 4 | . . . . . . . . . . . 1 . 3 . . . . . . . . . Disrupt 6 | . . . 3 . . . 2 . . . . . 1 . . . . . . . . . Operators 6 | . 1 . 1 . . . 1 . 1 . . . . . . . 1 . . . . 1 Sabotage 4 | . . . 1 . . . . . . . 3 . . . . . . . . . . . Fabricators 2 | . . . . . . . . . . . 2 . . . . . . . . . . . Haulers 1 | . . . . . . . . . . . 1 . . . . . . . . . . . Overload 1 | . . . . . . . . . . . 1 . . . . . . . . . . . Repair Stations . | . . . . . . . . . . . . . . . . . . . . . . . Recycling Units 24 | . 2 . 2 . . . 2 . 2 . . . 2 . . 6 4 . . . 2 2 Reject 4 | . . . . . . . . . . . . . . . . . 2 . . . 1 1 Mask 4 | . . . . . . . . . . . . . . . . . 2 . . . 1 1 Tunnel 16 | . 2 . 2 . . . 2 . 2 . . . 2 . . 6 . . . . . . Scanalyzers 2 | . . . 1 . . . . . 1 . . . . . . . . . . . . . Extract 2 | . . . 1 . . . . . 1 . . . . . . . . . . . . . Garrison Access 1 | . . . . . . . . . . . 1 . . . . . . . . . . . Restock 1 | . . . . . . . . . . . 1 . . . . . . . . . . . Data Cores Recovered 1 | . . . 1 . . . . . . . . . . . . . . . . . . . Used 1 | . . . 1 . . . . . . . . . . . . . . . . . . . Hacking Detections 65 | . 7 1 3 . . 1 10 . 6 . 11 . 8 3 . 2 3 . . . . 10 Full Trace Events 16 | . . 1 1 . . . 1 . 1 . 4 . 2 2 . 1 . . . . . 3 Feedback Events 2 | . . . . . . . . . . . 1 . 1 . . . . . . . . . Corruption 2 | . . . . . . . . . . . 1 . 1 . . . . . . . . . Feedback Blocked . | . . . . . . . . . . . . . . . . . . . . . . . Robot Schematics Acquired 1 | . . . . . . . . . . . 1 . . . . . . . . . . . Robots Built . | . . . . . . . . . . . . . . . . . . . . . . . Authchips . | . . . . . . . . . . . . . . . . . . . . . . . Time . | . . . . . . . . . . . . . . . . . . . . . . . Total Robot Build Rating . | . . . . . . . . . . . . . . . . . . . . . . . Part Schematics Acquired 8 | . . . 1 . . . . . 1 . 3 . . . . . . . . . . 3 Parts Built 3 | . . . . . . . . . . . 1 . . . . . . . . . . 2 Authchips . | . . . . . . . . . . . . . . . . . . . . . . . Time 146 | . . . . . . . . . . . 42 . . . . . . . . . . 104 Total Part Build Rating 16 | . . . . . . . . . . . 4 . . . . . . . . . . 12 Parts Repaired . | . . . . . . . . . . . . . . . . . . . . . . . Time . | . . . . . . . . . . . . . . . . . . . . . . . Parts Recycled . | . . . . . . . . . . . . . . . . . . . . . . . Recycled Matter . | . . . . . . . . . . . . . . . . . . . . . . . Retrieved Matter . | . . . . . . . . . . . . . . . . . . . . . . . Retrieved Components . | . . . . . . . . . . . . . . . . . . . . . . . Parts Scanalyzed . | . . . . . . . . . . . . . . . . . . . . . . . Part Schematics Acquired . | . . . . . . . . . . . . . . . . . . . . . . . Parts Damaged . | . . . . . . . . . . . . . . . . . . . . . . . Bothacking | -11 -10 -10 -9 -9 -9 -8 -8 -8 -8 -8 -7 -7 -7 -7 -7 -7 -5 -5 -5 -5 -4 -4 ------------ Run | Scr Mat Min Mat Min Exi Min Mat Gar Mat Gar Fac Was Fac Sto Gar Rec Fac Upp Upp War Pro Fac Used RIF Installer 3 | . . . . . . . . 1 . 1 . . . . 1 . . . . . . . Coupler Efficiency 1 | . . . . . . . . . . . . . . . 1 . . . . . . . Structural Interface 1 | . . . . . . . . . . 1 . . . . . . . . . . . . Robots Hacked 9 | . . . . . . . . . . . . 5 . . . . 3 . . . . 1 Non-combat 4 | . . . . . . . . . . . . . . . . . 3 . . . . 1 Combat 5 | . . . . . . . . . . . . 5 . . . . . . . . . . Robot Hacks Applied 12 | . . . . . . . . . . . . 6 . . . . 5 . . . . 1 parse_system 1 | . . . . . . . . . . . . 1 . . . . . . . . . . find_chute 3 | . . . . . . . . . . . . . . . . . 2 . . . . 1 purge_threat 3 | . . . . . . . . . . . . . . . . . 3 . . . . . ignore_targets 5 | . . . . . . . . . . . . 5 . . . . . . . . . . Relay Couplers Released 24 | . . . . . . . . 6 . 8 . . . . 8 . 2 . . . . . Machine Destruction 24 | . . . . . . . . 6 . 8 . . . . 8 . 2 . . . . . Attached 2 | . . . . . . . . . . . . 1 . . . . 1 . . . . . Fabnet Peak Effective % . | . . . . . . . . . . . . . . . . . . . . . . . Robots Rewired 31 | . . . . . . . . . . . . . . . . 16 1 2 . . 12 . Allies Hacked 2 | . . . . . . . . . . . . . . . . 2 . . . . . . Hacks Repelled . | . . . . . . . . . . . . . . . . . . . . . . . Allies | -11 -10 -10 -9 -9 -9 -8 -8 -8 -8 -8 -7 -7 -7 -7 -7 -7 -5 -5 -5 -5 -4 -4 -------- Run | Scr Mat Min Mat Min Exi Min Mat Gar Mat Gar Fac Was Fac Sto Gar Rec Fac Upp Upp War Pro Fac Total Allies 45 | . 1 . 1 1 . . . . 1 . 2 . . 3 . 16 4 2 . . 12 2 Largest Group 11 | . 1 . 1 1 . . . . 1 . 2 . . 3 . 8 3 2 2 2 11 11 Highest-Rated Group 370 | . 10 . 10 31 . . . . 10 . 36 . . 72 . 156 93 78 78 78 370 370 Highest-Rated Ally 56 | . 10 . 10 31 . . . . 10 . 26 . . 31 . 40 31 49 49 49 56 56 Total Orders 8 | . . . . . . . . . 4 . . . . . . 2 2 . . . . . STAY 3 | . . . . . . . . . 3 . . . . . . . . . . . . . FOLLOW 1 | . . . . . . . . . 1 . . . . . . . . . . . . . PICKUP 2 | . . . . . . . . . . . . . . . . 2 . . . . . . EXPLORE 2 | . . . . . . . . . . . . . . . . . 2 . . . . . Ally Attacks 120 | . . . . . . . . . . . . . . 9 . 20 10 . 13 . 8 60 Total Damage 3759 | . . . . . . . . . . . . . . 146 . 654 174 . 299 . 281 2205 Kills 18 | . . . . . . . . . . . . . . . . 2 3 . 1 . . 12 Allies Corrupted 1 | . . . . . . . . . . . . . . . . . 1 . . . . . Allies Melted . | . . . . . . . . . . . . . . . . . . . . . . . Intel | -11 -10 -10 -9 -9 -9 -8 -8 -8 -8 -8 -7 -7 -7 -7 -7 -7 -5 -5 -5 -5 -4 -4 ------- Run | Scr Mat Min Mat Min Exi Min Mat Gar Mat Gar Fac Was Fac Sto Gar Rec Fac Upp Upp War Pro Fac Robot Analysis Total 29 | . 1 . 1 . . 1 8 . 5 . . . 5 5 . 1 . . . . . 2 Derelict Logs Recovered 9 | . . 1 . 1 . . . . . . . . . . . . . 2 3 . 2 . Drone Launches 10 | . . . . . . . . . . . . . . . . . 10 . . . . . Drone Recoveries . | . . . . . . . . . . . . . . . . . . . . . . . Exploration | -11 -10 -10 -9 -9 -9 -8 -8 -8 -8 -8 -7 -7 -7 -7 -7 -7 -5 -5 -5 -5 -4 -4 ------------- Run | Scr Mat Min Mat Min Exi Min Mat Gar Mat Gar Fac Was Fac Sto Gar Rec Fac Upp Upp War Pro Fac Turns Passed 24075 | 97 1433 463 2029 342 867 393 2335 619 796 389 1985 311 1249 123 391 1118 2169 408 478 3768 1032 1280 Spaces Moved 35547 | 44 1773 937 2670 668 1916 587 2615 847 1456 569 3607 280 1869 257 937 1437 3888 1074 1271 4109 1347 1389 Core 296 | 3 . . . . . . . . . . . 224 68 1 . . . . . . . . Treads 237 | 41 196 . . . . . . . . . . . . . . . . . . . . . Legs 3 | . . . . . . . . . . . . . . . . . . . . 3 . . Wheels . | . . . . . . . . . . . . . . . . . . . . . . . Hover 3866 | . . . . . . . 2 . . . . . . . . . . . . 1128 1347 1389 Flight 31145 | . 1577 937 2670 668 1916 587 2613 847 1456 569 3607 56 1801 256 937 1437 3888 1074 1271 2978 . . Fastest Speed 23 | 50 34 34 34 34 34 34 34 34 34 34 29 29 27 26 26 26 23 26 23 26 52 38 Average Speed 35 | 152 48 34 34 34 36 46 34 34 34 34 29 85 30 26 26 33 26 26 25 38 54 51 Slowest Speed 180 | 160 180 104 34 34 107 104 110 34 34 34 34 100 100 100 26 93 93 26 26 109 60 114 Overloaded Moves 393 | . . . . . . . . . . . . . . . . . 98 . 68 123 . 104 Propulsion Burnouts . | . . . . . . . . . . . . . . . . . . . . . . . Robots Hopped 159 | . 4 6 33 15 . . 28 2 7 . 29 . 9 4 . 19 2 1 . . . . Cave-ins Triggered . | . . . . . . . . . . . . . . . . . . . . . . . Exploration Rate (%) 84 | 3 100 97 100 99 93 95 98 82 98 99 75 86 46 44 99 99 88 97 98 98 94 44 Regions Visited 22 Branch Regions 10 Pre-discovered Areas 19 | . 2 . 2 . 1 . 2 . 2 . . . 2 . . 6 . . . . 2 . Known Exits Taken 9 | . . 1 1 . . 1 1 . 1 . . . 1 1 . . 1 . 1 . . . Unknown Exits Taken 8 | 1 1 . . 1 1 . . . . . . . . . . 1 . 1 . 1 1 . Scrap Searched 9 | . . 1 . 1 . 1 . . . . . . . . . . . 2 2 . 2 . Spaces Dug 113 | . 2 1 5 . . . 8 . 8 2 10 . 9 . . . 53 . . 4 . 11 Terrain Destroyed 4781 | . 91 63 209 21 20 23 270 . 403 84 821 1 493 4 74 206 810 17 80 500 95 496 Melee 57 | . 2 1 5 . . . 4 . 4 2 10 . 9 . . . 19 . . 1 . . Projectile 1477 | . . . . . 4 23 85 . 66 . 48 1 32 4 . 133 45 17 80 499 95 345 AOE 3247 | . 89 62 204 21 16 . 181 . 333 82 763 . 452 . 74 73 746 . . . . 151 Terrain Rammed . | . . . . . . . . . . . . . . . . . . . . . . . Walls Destroyed . | . . . . . . . . . . . . . . . . . . . . . . . Machines Disabled . | . . . . . . . . . . . . . . . . . . . . . . . Actions | -11 -10 -10 -9 -9 -9 -8 -8 -8 -8 -8 -7 -7 -7 -7 -7 -7 -5 -5 -5 -5 -4 -4 --------- Run | Scr Mat Min Mat Min Exi Min Mat Gar Mat Gar Fac Was Fac Sto Gar Rec Fac Upp Upp War Pro Fac Total 45293 | 61 2082 1021 3193 717 2072 705 3938 1168 1710 758 4410 345 2513 304 1087 2004 4940 1204 1427 6402 1551 1681 Wait 3721 | 4 105 27 154 20 11 42 1119 50 104 47 120 14 167 24 6 150 238 80 96 1015 82 46 Move 35218 | 43 1764 924 2608 639 1915 586 2559 842 1441 567 3550 279 1850 249 935 1400 3883 1071 1270 4108 1346 1389 Hop 148 | . 4 6 28 13 . . 27 2 7 . 28 . 9 4 . 17 2 1 . . . . Pick Up 146 | . 6 5 14 3 17 2 8 2 . . 9 3 5 . 7 2 8 2 . 45 3 5 Fast Attach 213 | 7 11 1 6 . 26 . 12 1 2 . 7 1 9 6 1 . 19 . 2 78 1 23 Attach 21 | . . . . . 4 1 3 . . . . . . . 2 . 1 . . 7 3 . Detach 54 | . 4 . 1 . 14 . 1 1 . . . . . . 3 . 1 . . 27 2 . Swap 99 | . 7 7 4 2 2 3 4 . . . 2 5 5 2 . 7 16 5 . 14 9 5 Drop 308 | . 11 7 20 3 35 1 16 2 2 . 10 3 13 6 7 2 24 2 1 114 2 27 Fire 3224 | 7 93 23 264 26 48 37 115 45 95 43 440 37 301 11 55 289 424 28 48 623 64 108 Melee 383 | . 60 6 29 . . . 42 5 26 3 56 . 20 2 . 18 110 . 1 5 . . Ram 1 | . . . . . . 1 . . . . . . . . . . . . . . . . Kick . | . . . . . . . . . . . . . . . . . . . . . . . Crush 1 | . 1 . . . . . . . . . . . . . . . . . . . . . Escape Stasis 437 | . . . . . . . . 197 . 88 37 . 18 . 43 . 54 . . . . . Rewire 5 | . . . . . . . . . . . . . . . . . . . . . 5 . Trap . | . . . . . . . . . . . . . . . . . . . . . . . Miscellaneous 1314 | . 16 15 65 11 . 32 32 21 33 10 151 3 116 . 28 119 160 15 9 366 34 78 Route ------- -11/Scrapyard -10/Materials (discovered 4 exits: *Mat x3 / *Min) -10/Mines (discovered 2 exits: *Mat x2) -9/Materials (discovered 5 exits: *Mat x3 / *Min x2) -9/Mines (discovered 3 exits: *Mat x2 / *Exi) -9/Exiles (discovered 2 exits: *Min x2) -8/Mines (discovered 2 exits: *Mat x2) -8/Materials (discovered 4 exits: *Fac x3 / Gar) -8/Garrison (discovered 3 exits: *Mat x3) -8/Materials (discovered 4 exits: *Fac x3 / Gar) -8/Garrison (discovered 3 exits: *Fac x3) -7/Factory (discovered 8 exits: *Fac x4 / *Sto / *Low x2 / Gar) -7/Waste -7/Factory (discovered 5 exits: *Fac / *Sto x2 / *Low x2) -7/Storage -7/Garrison (discovered 3 exits: *Rec x3) -7/Recycling -5/Factory (discovered 5 exits: *Fac x3 / *Upp x2) -5/Upper Caves -5/Upper Caves (discovered 2 exits: *Fac / *War) -5/Warlord -4/Proximity Caves -4/Factory (discovered 5 exits: [*Res] / *Upp x2 / *Ext x2) History --------- Turn | Location | Event 29 | -11/Scrapyard | Discovered new exit (range 16) 30 | -11/Scrapyard | Upgraded with Utility slot (x1) 30 | -11/Scrapyard | Upgraded with Weapon slot (x1) 46 | -11/Scrapyard | Upgraded with Propulsion slot (x1) 98 | -11/Scrapyard | Entered Materials 306 | -10/Materials | Build established: Mutant 391 | -10/Materials | Reached level 2 422 | -10/Materials | Discovered new exit (range 14) 438 | -10/Materials | Core integrity fell below 50% 560 | -10/Materials | Discovered new exit (range 10) 612 | -10/Materials | Upgraded with Propulsion slot (x1) 668 | -10/Materials | Discovered new exit (range 3) 729 | -10/Materials | Discovered new exit (range 15) 739 | -10/Materials | Central database locked down 837 | -10/Materials | Identified exit to Materials 965 | -10/Materials | Reached level 3 1078 | -10/Materials | Upgraded with Weapon slot (x1) 1287 | -10/Materials | Reached level 4 1531 | -10/Materials | Entered Mines 1595 | -10/Mines | Discovered exit to Materials (range 13) 1672 | -10/Mines | Reached level 5 1734 | -10/Mines | Learned location of 1 exit from Materials 1783 | -10/Mines | Joined a pair of Derelicts in attacking an 0b10 outpost 1850 | -10/Mines | Discovered exit to Materials (range 12) 1918 | -10/Mines | Found a hidden stash of uninstalled traps 1994 | -10/Mines | Entered Materials 1995 | -9/Materials | Identified exit to Materials 1996 | -9/Materials | Reached level 6 2007 | -9/Materials | Central database locked down 2007 | -9/Materials | Identified exit to Mines 2126 | -9/Materials | Reached level 7 2152 | -9/Materials | Destroyed 11 combat bots 2275 | -9/Materials | Reached level 8 2525 | -9/Materials | Build established: Hacker-Mutant 2612 | -9/Materials | Discovered exit to Materials (range 16) 2678 | -9/Materials | Reached level 9 2896 | -9/Materials | Discovered exit to Materials (range 16) 3382 | -9/Materials | Reached level 10 3594 | -9/Materials | First assault squad dispatched 4023 | -9/Materials | Entered Mines 4081 | -9/Mines | Reached level 11 4086 | -9/Mines | Discovered exit to Materials (range 13) 4117 | -9/Mines | Learned 2 Materials zone layouts 4120 | -9/Mines | Received a Mining Laser from a helpful Derelict 4146 | -9/Mines | Received a Rocket Launcher from a helpful Derelict 4230 | -9/Mines | Deemed a non-threat by the Exiles lab entrance 4230 | -9/Mines | Discovered new exit (range 5) 4285 | -9/Mines | Discovered exit to Materials (range 13) 4365 | -9/Mines | Entered Exiles 4371 | -9/Exiles | Discovered new exit (range 15) 4375 | -9/Exiles | Met 8R-AWN 4379 | -9/Exiles | Met EX-HEX 4389 | -9/Exiles | Met EX-BIN 4401 | -9/Exiles | Aligned with FarCom system 4402 | -9/Exiles | Given EX-Vault access code 4412 | -9/Exiles | Opened EX-Vault 4420 | -9/Exiles | Warned to stay clear of 0b10 Research branches 4430 | -9/Exiles | Met EX-DEC 4432 | -9/Exiles | Learned location of Zion (-6) 4462 | -9/Exiles | Visited The Gauntlet 4505 | -9/Exiles | Upgraded with Weapon slot (x1) 4628 | -9/Exiles | Found XL Autogun Array 4691 | -9/Exiles | Discovered new exit (range 10) 4817 | -9/Exiles | Attacked by the Exiles 4848 | -9/Exiles | Destroyed 8R-AWN 4850 | -9/Exiles | Found Prototype Processor 4862 | -9/Exiles | Identified Exp. Targeting Computer 4921 | -9/Exiles | Destroyed EX-DEC 4943 | -9/Exiles | Destroyed EX-BIN 4960 | -9/Exiles | Upgraded with Utility slot (x1) 4989 | -9/Exiles | Destroyed EX-HEX 5025 | -9/Exiles | Found Prototype Device 5025 | -9/Exiles | Identified System Purifier 5043 | -9/Exiles | Found Prototype Energy Gun 5043 | -9/Exiles | Identified AWS/EX-DEC 5075 | -9/Exiles | Found AWS/Thermal 5078 | -9/Exiles | Found Trap Reconfigurator 5232 | -9/Exiles | Stole two prototypes: XL Autogun Array, Trap Reconfigurator 5232 | -9/Exiles | Entered Mines 5243 | -8/Mines | Discovered exit to Materials (range 10) 5368 | -8/Mines | Build established: Hacker-Gunner 5416 | -8/Mines | Reached level 12 5491 | -8/Mines | Upgraded with Utility slot (x1) 5501 | -8/Mines | Discovered exit to Materials (range 12) 5625 | -8/Mines | Entered Materials 5659 | -8/Materials | Reached level 13 5714 | -8/Materials | Discovered new exit (range 4) 5767 | -8/Materials | Identified exit to Factory 5801 | -8/Materials | Central database locked down 5959 | -8/Materials | Garrison activated, responded to threat 6205 | -8/Materials | Reached level 14 6212 | -8/Materials | Upgraded with Utility slot (x1) 6434 | -8/Materials | Upgraded with Weapon slot (x1) 7724 | -8/Materials | Identified exit to Garrison 7960 | -8/Materials | Entered Garrison 7970 | -8/Garrison | Garrison Relay disabled 8032 | -8/Garrison | Triggered checkpoint 8069 | -8/Garrison | Discovered new exit (range 10) 8075 | -8/Garrison | Installed Relay Interface Framework 8180 | -8/Garrison | Triggered checkpoint 8183 | -8/Garrison | Garrison Relay disabled 8211 | -8/Garrison | Reached level 15 8249 | -8/Garrison | Triggered checkpoint 8262 | -8/Garrison | Triggered checkpoint 8318 | -8/Garrison | Discovered new exit (range 14) 8340 | -8/Garrison | Triggered checkpoint 8361 | -8/Garrison | Garrison Relay disabled 8380 | -8/Garrison | Triggered checkpoint 8410 | -8/Garrison | Triggered checkpoint 8436 | -8/Garrison | Triggered checkpoint 8442 | -8/Garrison | Garrison Relay disabled 8469 | -8/Garrison | Discovered new exit (range 10) 8579 | -8/Garrison | Entered Materials 8716 | -8/Materials | Central database locked down 8745 | -8/Materials | Destroyed 7 combat bots 8841 | -8/Materials | Destroyed 9 combat bots 9021 | -8/Materials | Discovered exit to Factory (range 12) 9082 | -8/Materials | Discovered exit to Factory (range 5) 9134 | -8/Materials | Identified exit to Garrison 9158 | -8/Materials | Reached level 16 9171 | -8/Materials | Discovered exit to Factory (range 16) 9375 | -8/Materials | Entered Garrison 9377 | -8/Garrison | Expanded RIF knowledge: Structural Interface 9390 | -8/Garrison | Triggered checkpoint 9446 | -8/Garrison | Garrison Relay disabled 9462 | -8/Garrison | Triggered checkpoint 9472 | -8/Garrison | Triggered checkpoint 9550 | -8/Garrison | Triggered checkpoint 9556 | -8/Garrison | Garrison Relay disabled 9564 | -8/Garrison | Discovered exit to Factory (range 14) 9577 | -8/Garrison | Phase Generator disabled 9609 | -8/Garrison | Discovered exit to Factory (range 10) 9619 | -8/Garrison | Triggered checkpoint 9625 | -8/Garrison | Garrison Relay disabled 9644 | -8/Garrison | Triggered checkpoint 9652 | -8/Garrison | Triggered checkpoint 9664 | -8/Garrison | Triggered checkpoint 9682 | -8/Garrison | Garrison Relay disabled 9708 | -8/Garrison | Discovered exit to Factory (range 6) 9764 | -8/Garrison | Entered Factory 9903 | -7/Factory | Identified exit to Garrison 9950 | -7/Factory | Reached level 17 9984 | -7/Factory | Upgraded with Propulsion slot (x1) 10164 | -7/Factory | First assault squad dispatched 10198 | -7/Factory | Fabricated Remote Datajack (x1) 10240 | -7/Factory | Destroyed 7 combat bots 10274 | -7/Factory | Build established: Hacker-Sprinter 10409 | -7/Factory | Reached level 18 10411 | -7/Factory | Discovered new exit (range 17) 10417 | -7/Factory | Identified exit to Factory 10461 | -7/Factory | Identified exit to Storage 10461 | -7/Factory | Identified exit to Lower Caves 10623 | -7/Factory | High security lockdown imminent 10675 | -7/Factory | Upgraded with Utility slot (x1) 10693 | -7/Factory | Destroyed 10 combat bots 10703 | -7/Factory | High security lockdown engaged 10766 | -7/Factory | Destroyed 8 combat bots 10847 | -7/Factory | Reached level 19 10896 | -7/Factory | Destroyed 17 combat bots 11002 | -7/Factory | Destroyed 16 combat bots 11187 | -7/Factory | Sterilization system engaged 11187 | -7/Factory | Non-combat units ordered to evacuate 11191 | -7/Factory | Destroyed 34 combat bots 11287 | -7/Factory | Combat units ordered to evacuate 11452 | -7/Factory | Destroyed 12 combat bots 11487 | -7/Factory | Ambient heat levels rising (+10) 11517 | -7/Factory | Destroyed 10 combat bots 11585 | -7/Factory | Destroyed 12 combat bots 11637 | -7/Factory | Ambient heat levels rising (+10) 11749 | -7/Factory | Manually triggered Chute Trap 11749 | -7/Factory | Sucked down chute 11749 | -7/Factory | Entered Waste 11752 | -7/Waste | Spotted C-40 Crusher 11764 | -7/Waste | EMP discharged 11767 | -7/Waste | Spotted C-40 Crusher 11768 | -7/Waste | Spotted C-40 Crusher 11771 | -7/Waste | Spotted C-40 Crusher 11771 | -7/Waste | Spotted C-40 Crusher 11790 | -7/Waste | Destroyed C-40 Crusher 11791 | -7/Waste | Spotted C-40 Crusher 11808 | -7/Waste | Destroyed C-40 Crusher 11818 | -7/Waste | Destroyed C-40 Crusher 11842 | -7/Waste | Discovered new exit (range 12) 11864 | -7/Waste | EMP discharged 11876 | -7/Waste | Destroyed C-40 Crusher 11895 | -7/Waste | Destroyed C-40 Crusher 11937 | -7/Waste | Destroyed C-40 Crusher 11964 | -7/Waste | EMP discharged 11964 | -7/Waste | System corruption reached 10% 12060 | -7/Waste | Entered Factory 12118 | -7/Factory | Build established: Hacker-Gunner 12277 | -7/Factory | Reached level 20 12304 | -7/Factory | Discovered exit to Factory (range 17) 12338 | -7/Factory | Destroyed 12 combat bots 12440 | -7/Factory | Build established: Hacker-Sprinter 12460 | -7/Factory | First assault squad dispatched 12482 | -7/Factory | High security lockdown imminent 12494 | -7/Factory | Garrison activated, responded to threat 12562 | -7/Factory | High security lockdown engaged 12689 | -7/Factory | Destroyed 38 combat bots 12942 | -7/Factory | Destroyed 27 combat bots 12993 | -7/Factory | Destroyed 8 combat bots 13150 | -7/Factory | Destroyed 7 combat bots 13191 | -7/Factory | Sterilization system engaged 13191 | -7/Factory | Non-combat units ordered to evacuate 13245 | -7/Factory | Reached level 21 13272 | -7/Factory | Destroyed 25 combat bots 13275 | -7/Factory | Upgraded with Utility slot (x1) 13291 | -7/Factory | Combat units ordered to evacuate 13309 | -7/Factory | Entered Storage 13360 | -7/Storage | Destroyed 7 combat bots 13370 | -7/Storage | Met a pair of Derelict thieves 13425 | -7/Storage | High security lockdown imminent 13432 | -7/Storage | Identified exit to Garrison 13432 | -7/Storage | Entered Garrison 13441 | -7/Garrison | Triggered checkpoint 13471 | -7/Garrison | Garrison Relay disabled 13494 | -7/Garrison | Triggered checkpoint 13527 | -7/Garrison | Triggered checkpoint 13539 | -7/Garrison | Garrison Relay disabled 13546 | -7/Garrison | Discovered new exit (range 8) 13553 | -7/Garrison | Destroyed 12 combat bots 13562 | -7/Garrison | Triggered checkpoint 13590 | -7/Garrison | Triggered checkpoint 13608 | -7/Garrison | Garrison Relay disabled 13617 | -7/Garrison | Discovered new exit (range 14) 13622 | -7/Garrison | Expanded RIF knowledge: Coupler Efficiency 13654 | -7/Garrison | Triggered checkpoint 13665 | -7/Garrison | Triggered checkpoint 13690 | -7/Garrison | Discovered new exit (range 4) 13702 | -7/Garrison | Triggered checkpoint 13714 | -7/Garrison | Garrison Relay disabled 13734 | -7/Garrison | Phase Generator disabled 13823 | -7/Garrison | Entered Recycling 13857 | -7/Recycling | Spotter reported a threat 13863 | -7/Recycling | High security lockdown imminent 13868 | -7/Recycling | Spotter reported a threat 13870 | -7/Recycling | Spotter reported a threat 13879 | -7/Recycling | Discovered new exit (range 16) 13884 | -7/Recycling | Spotter reported a threat 13943 | -7/Recycling | High security lockdown engaged 14039 | -7/Recycling | Destroyed 14 combat bots 14051 | -7/Recycling | Spotter reported a threat 14051 | -7/Recycling | Spotter reported a threat 14052 | -7/Recycling | Spotter reported a threat 14114 | -7/Recycling | Spotter reported a threat 14128 | -7/Recycling | Spotter reported a threat 14148 | -7/Recycling | Spotter reported a threat 14149 | -7/Recycling | Destroyed 12 combat bots 14167 | -7/Recycling | Spotter reported a threat 14200 | -7/Recycling | Spotter reported a threat 14209 | -7/Recycling | Spotter reported a threat 14219 | -7/Recycling | Spotter reported a threat 14221 | -7/Recycling | Spotter reported a threat 14282 | -7/Recycling | Spotter reported a threat 14307 | -7/Recycling | Destroyed 28 combat bots 14326 | -7/Recycling | Spotter reported a threat 14344 | -7/Recycling | Spotter reported a threat 14384 | -7/Recycling | Spotter reported a threat 14422 | -7/Recycling | Spotter reported a threat 14442 | -7/Recycling | Spotter reported a threat 14459 | -7/Recycling | Spotter reported a threat 14475 | -7/Recycling | Spotter reported a threat 14512 | -7/Recycling | Spotter reported a threat 14519 | -7/Recycling | Destroyed 36 combat bots 14528 | -7/Recycling | Spotter reported a threat 14540 | -7/Recycling | Spotter reported a threat 14621 | -7/Recycling | Destroyed 11 combat bots 14622 | -7/Recycling | Spotter reported a threat 14623 | -7/Recycling | Spotter reported a threat 14638 | -7/Recycling | Spotter reported a threat 14639 | -7/Recycling | Spotter reported a threat 14677 | -7/Recycling | Sterilization system engaged 14677 | -7/Recycling | Non-combat units ordered to evacuate 14704 | -7/Recycling | Core integrity fell below 50% 14727 | -7/Recycling | Spotter reported a threat 14733 | -7/Recycling | Destroyed 39 combat bots 14733 | -7/Recycling | Spotter reported a threat 14739 | -7/Recycling | Spotter reported a threat 14767 | -7/Recycling | Spotter reported a threat 14777 | -7/Recycling | Combat units ordered to evacuate 14786 | -7/Recycling | Spotter reported a threat 14789 | -7/Recycling | Spotter reported a threat 14876 | -7/Recycling | Spotter reported a threat 14887 | -7/Recycling | Spotter reported a threat 14890 | -7/Recycling | Spotter reported a threat 14941 | -7/Recycling | Entered Factory 14943 | -5/Factory | Reached level 22 15192 | -5/Factory | High security lockdown imminent 15204 | -5/Factory | Discovered new exit (range 5) 15216 | -5/Factory | Identified exit to Upper Caves 15227 | -5/Factory | Upgraded with Utility slot (x1) 15272 | -5/Factory | High security lockdown engaged 15274 | -5/Factory | Reached level 23 15466 | -5/Factory | Reached level 24 15487 | -5/Factory | Destroyed 37 combat bots 15626 | -5/Factory | Destroyed 20 combat bots 15644 | -5/Factory | Garrison activated, responded to threat 15715 | -5/Factory | Destroyed 15 combat bots 15772 | -5/Factory | Reached level 25 15795 | -5/Factory | Destroyed 9 combat bots 15904 | -5/Factory | Sterilization system engaged 15904 | -5/Factory | Non-combat units ordered to evacuate 15925 | -5/Factory | Destroyed 27 combat bots 16004 | -5/Factory | Combat units ordered to evacuate 16054 | -5/Factory | Discovered new exit (range 17) 16204 | -5/Factory | Ambient heat levels rising (+10) 16212 | -5/Factory | Discovered new exit (range 13) 16354 | -5/Factory | Ambient heat levels rising (+10) 16374 | -5/Factory | Spotted B-75 Beast 16380 | -5/Factory | Destroyed B-75 Beast 16389 | -5/Factory | Discovered new exit (range 11) 16504 | -5/Factory | Ambient heat levels rising (+10) 16654 | -5/Factory | Ambient heat levels rising (+10) 16665 | -5/Factory | Allied Derelicts emerged from ambush trap array 16804 | -5/Factory | Ambient heat levels rising (+10) 16954 | -5/Factory | Ambient heat levels rising (+10) 17006 | -5/Factory | Reached level 26 17104 | -5/Factory | Ambient heat levels rising (+10) 17110 | -5/Factory | Entered Upper Caves 17112 | -5/Upper Caves | Learned Factory terminal intel 17142 | -5/Upper Caves | Attracted the attention of an 0b10 outpost 17166 | -5/Upper Caves | Destroyed 7 combat bots 17386 | -5/Upper Caves | Discovered new exit (range 5) 17518 | -5/Upper Caves | Entered another Upper Caves area 17518 | -5/Upper Caves | Accompanied by 2 allies 17519 | -5/Upper Caves | Identified exit to Warlord 17524 | -5/Upper Caves | Learned Factory security intel 17543 | -5/Upper Caves | Discovered new exit (range 9) 17654 | -5/Upper Caves | Spotted B-75 Beast 17660 | -5/Upper Caves | Destroyed B-75 Beast 17732 | -5/Upper Caves | Found Alien Artifact 17732 | -5/Upper Caves | Identified Dimensional Node Initializer 17732 | -5/Upper Caves | Initialized slip node 17764 | -5/Upper Caves | Learned Factory trap positions 17808 | -5/Upper Caves | Destroyed 7 combat bots 17818 | -5/Upper Caves | Learned location of 1 exit from Factory 17831 | -5/Upper Caves | Spotted 0J-O7O(f) 17832 | -5/Upper Caves | Spotted IS-EEE(f) 17833 | -5/Upper Caves | Encountered a Master Thief 17833 | -5/Upper Caves | Encountered a Master Thief 17833 | -5/Upper Caves | Spotted 0C-U42(f) 17834 | -5/Upper Caves | Encountered a Master Thief 17834 | -5/Upper Caves | Spotted KI-UCK(f) 17835 | -5/Upper Caves | Encountered a Master Thief 17875 | -5/Upper Caves | Destroyed 0C-U42(f) 17878 | -5/Upper Caves | Destroyed KI-UCK(f) 17889 | -5/Upper Caves | Allies destroyed IS-EEE(f) 17891 | -5/Upper Caves | Destroyed 0J-O7O(f) 17996 | -5/Upper Caves | Entered Warlord 17996 | -5/Warlord | Accompanied by 2 allies 18011 | -5/Warlord | Discovered new exit (range 9) 18026 | -5/Warlord | RIF detected upon attempting to enter Warlord's base 18026 | -5/Warlord | Attacked by Warlord forces 18028 | -5/Warlord | Spotted FQ-NY5(B) 18028 | -5/Warlord | Spotted 8A-Z2R(B) 18035 | -5/Warlord | Destroyed 8A-Z2R(B) 18037 | -5/Warlord | Destroyed FQ-NY5(B) 18059 | -5/Warlord | Spotted US-68N(g) 18062 | -5/Warlord | Destroyed US-68N(g) 18066 | -5/Warlord | Found Signal Generator 18083 | -5/Warlord | Destroyed 7 combat bots 18181 | -5/Warlord | Warlord's base attacked by MAIN.C 18259 | -5/Warlord | Destroyed 9 combat bots 18325 | -5/Warlord | Destroyed 11 combat bots 18448 | -5/Warlord | Destroyed 12 combat bots 18490 | -5/Warlord | Spotted Striker 18507 | -5/Warlord | Destroyed Striker 18528 | -5/Warlord | Destroyed 12 combat bots 18531 | -5/Warlord | Warlord forces counterattacked 18585 | -5/Warlord | Spotted Executioner 18592 | -5/Warlord | Spotted Executioner 18607 | -5/Warlord | Destroyed Executioner 18611 | -5/Warlord | Destroyed Executioner 18643 | -5/Warlord | Destroyed 15 combat bots 18662 | -5/Warlord | Found Prototype Device 18662 | -5/Warlord | Identified Adv. Kinecellerator 18670 | -5/Warlord | Found Prototype Processor 18670 | -5/Warlord | Identified Exp. Core Analyzer 18689 | -5/Warlord | Spotted Striker 18709 | -5/Warlord | Spotted Striker 18719 | -5/Warlord | Destroyed Striker 18719 | -5/Warlord | Destroyed Striker 18759 | -5/Warlord | Destroyed 14 combat bots 18788 | -5/Warlord | Spotted Executioner 18788 | -5/Warlord | Spotted B-86 Titan 18788 | -5/Warlord | Spotted Striker 18795 | -5/Warlord | Spotted Striker 18806 | -5/Warlord | Destroyed Striker 18809 | -5/Warlord | Destroyed Striker 18810 | -5/Warlord | Destroyed Executioner 18823 | -5/Warlord | Destroyed B-86 Titan 18844 | -5/Warlord | Destroyed 12 combat bots 18856 | -5/Warlord | Warlord base infiltrated, sounded retreat 18879 | -5/Warlord | Found Exp. Core Analyzer 18882 | -5/Warlord | Spotted Executioner 18883 | -5/Warlord | Spotted Striker 18922 | -5/Warlord | Core integrity fell below 50% 18922 | -5/Warlord | Destroyed Executioner 18946 | -5/Warlord | Destroyed 13 combat bots 18975 | -5/Warlord | Spotted 16-RW2(K) 18999 | -5/Warlord | Spotted Striker 18999 | -5/Warlord | Spotted Striker 18999 | -5/Warlord | Spotted Striker 19009 | -5/Warlord | Destroyed Striker 19010 | -5/Warlord | Destroyed Striker 19035 | -5/Warlord | Destroyed 8 combat bots 19036 | -5/Warlord | Destroyed Warlord 19088 | -5/Warlord | Spotted Executioner 19089 | -5/Warlord | Spotted Executioner 19119 | -5/Warlord | Reached level 27 19128 | -5/Warlord | Destroyed Executioner 19130 | -5/Warlord | Destroyed Executioner 19143 | -5/Warlord | Spotted Executioner 19146 | -5/Warlord | Upgraded with Utility slot (x1) 19148 | -5/Warlord | Destroyed Executioner 19174 | -5/Warlord | Destroyed 28 combat bots 19184 | -5/Warlord | Spotted Executioner 19231 | -5/Warlord | Destroyed 7 combat bots 19239 | -5/Warlord | Destroyed Executioner 19287 | -5/Warlord | Spotted Striker 19292 | -5/Warlord | Spotted Striker 19294 | -5/Warlord | Destroyed Striker 19307 | -5/Warlord | Spotted Striker 19310 | -5/Warlord | Destroyed Striker 19312 | -5/Warlord | Destroyed Striker 19329 | -5/Warlord | Spotted Executioner 19335 | -5/Warlord | Destroyed Executioner 19361 | -5/Warlord | Spotted Executioner 19362 | -5/Warlord | Destroyed 24 combat bots 19371 | -5/Warlord | Destroyed Executioner 19399 | -5/Warlord | Destroyed 9 combat bots 19481 | -5/Warlord | Spotted Executioner 19481 | -5/Warlord | Spotted Striker 19481 | -5/Warlord | Spotted Executioner 19498 | -5/Warlord | Destroyed Striker 19505 | -5/Warlord | Destroyed Executioner 19614 | -5/Warlord | Destroyed Executioner 19629 | -5/Warlord | Spotted B-86 Titan 19631 | -5/Warlord | Destroyed B-86 Titan 19636 | -5/Warlord | Spotted B-75 Beast 19642 | -5/Warlord | Destroyed B-75 Beast 19657 | -5/Warlord | Spotted Executioner 19673 | -5/Warlord | Destroyed 13 combat bots 19685 | -5/Warlord | Spotted Executioner 19688 | -5/Warlord | Destroyed Executioner 19697 | -5/Warlord | Spotted Executioner 19698 | -5/Warlord | Spotted Executioner 19699 | -5/Warlord | Destroyed Executioner 19706 | -5/Warlord | Destroyed Executioner 19727 | -5/Warlord | Destroyed Executioner 19756 | -5/Warlord | Spotted Striker 19775 | -5/Warlord | Destroyed Striker 19798 | -5/Warlord | Spotted Executioner 19801 | -5/Warlord | Destroyed Executioner 19887 | -5/Warlord | Destroyed 61 combat bots 19908 | -5/Warlord | Found Corrupted Prototype Ballistic Cannon 19908 | -5/Warlord | Identified Hvy. Autocannon 19960 | -5/Warlord | Spotted Striker 20101 | -5/Warlord | Destroyed Striker 20130 | -5/Warlord | Destroyed 10 combat bots 20162 | -5/Warlord | Found Prototype Energy Cannon 20162 | -5/Warlord | Identified Vortex Cannon 20196 | -5/Warlord | Destroyed Fake God Mode 20217 | -5/Warlord | Found Prototype Energy Gun 20217 | -5/Warlord | Identified Plasma Storm 20439 | -5/Warlord | Found Exp. Core Analyzer 20639 | -5/Warlord | Found Prototype Device 20639 | -5/Warlord | Identified Exp. Focal Shield 20659 | -5/Warlord | Found Prototype Processor 20659 | -5/Warlord | Identified Exp. Target Analyzer 20812 | -5/Warlord | Found Prototype Reactor 20968 | -5/Warlord | System corruption reached 10% 21217 | -5/Warlord | Build established: Scavenger-Gunner 21764 | -5/Warlord | Entered Proximity Caves 21968 | -4/Proximity Caves | Attracted the attention of an 0b10 outpost 22088 | -4/Proximity Caves | Upgraded with Power slot (x1) 22090 | -4/Proximity Caves | Identified Vortex Chain Reactor 22116 | -4/Proximity Caves | Spotted B-86 Titan 22135 | -4/Proximity Caves | Destroyed B-86 Titan 22170 | -4/Proximity Caves | Entered a huge 0b10 base via the front door 22183 | -4/Proximity Caves | Spotted B-86 Titan 22197 | -4/Proximity Caves | Destroyed B-86 Titan 22323 | -4/Proximity Caves | Reached level 28 22331 | -4/Proximity Caves | Upgraded with Propulsion slot (x1) 22597 | -4/Proximity Caves | Derelicts attacked a huge 0b10 base 22614 | -4/Proximity Caves | Discovered new exit (range 18) 22796 | -4/Proximity Caves | Entered Factory 22796 | -4/Factory | Accompanied by 11 allies 22797 | -4/Factory | Identified exit to Upper Caves 22798 | -4/Factory | Loaded intel: 77 trap records 22800 | -4/Factory | Loaded intel: 27 terminal locations 23178 | -4/Factory | Identified exit to Extension 23296 | -4/Factory | First assault squad dispatched 23319 | -4/Factory | Garrison activated, responded to threat 23322 | -4/Factory | Destroyed 8 combat bots 23374 | -4/Factory | Discovered new exit (range 10) 23461 | -4/Factory | Found Prototype Slashing Weapon 23461 | -4/Factory | Identified Vibroblade 23472 | -4/Factory | Destroyed 8 combat bots 23790 | -4/Factory | High security lockdown imminent 23802 | -4/Factory | Fabricated Recoil Nullifier? 23870 | -4/Factory | High security lockdown engaged 23877 | -4/Factory | Reached level 29 23918 | -4/Factory | Core integrity fell below 50% 23938 | -4/Factory | Destroyed 11 combat bots 24041 | -4/Factory | Core integrity fell below 20% 24076 | -4/Factory | Destroyed by P-70 Sage with Tesla Rifle Last Messages --------------- 24053_ Acquired 25 matter. 24053_ C-30 ARC bursts open, deploying its payload. 24053_ P-70 Sage unfolds itself. 24053_ E-15 Imp unfolds itself. 24053_ B-60 Warrior unfolds itself. 24054_ Penetrated by Slug. 24054_ Slug penetrates P-70 Sage. 24056_ E-15 Imp suffers critical hit (Destroy). 24056_ E-15 Imp destroyed. 24056_ Switching to secondary target: B-60 Warrior. 24056_ B-60 Warrior destroyed. 24057_ Acquired 16 matter. 24057_ Acquired 9 matter. 24057_ Penetrated by Slug. 24060_ Slug penetrates H-77 Assassin. 24061_ Acquired 22 matter. 24061_ Acquired 3 matter. 24063_ Penetrated by Slug. 24066_ Acquired Protomatter-58. 24076_ Emergency Access malfunctions. Map ----- +----------------------------------------------------+ | ??# # """ ##??"""""???????# + | | *### # "" == #???"""""???????# """ # | | =# # """*! [ #???"""?????????# """ # | | !=" # [ =!| = #???????????????# """ # | | ["""##"#"[""**"###/#####+#############+######+## | | ! ["= %%=%^ | | [ !* " ^ | | *!=* %==! ^ | | !!![[[[[ *%== ^^ | | [ =%=%!% !!! ^ | | #### !*!!!!%="""""""# ## # ##############+## | | #=!/%/[=!*= ##?????????? | | #! [%%" # ????????? """" | | " "/%!=[" #????????# """" | | # === # g ##???????# """" | | " " *[*# hl #???????# """" | | " " =! p g # #???????# """" | | # =%[ ##??????# """" | | # ! !" # ???????/ ?? | | " " [ " p # ##??????###+???## | | " " " #??????????????? | | " " # # #???????""""???? | | # !" #???????""""???? | | #""# ! "##;#####/# #???????""""???? | | #### |=; #???????""""???? | | ?# # @ #???????????????? | | # # ! # #???????????????? | | + + m #### #????##???????????????? | | " # #???##?????????????????????? | | " # #??????T???????????""?^????? | | + ###;#####+####??????????????????T??????"Y | | ######+#"###"#???# #????????????????????????????"" | | # "???# #?????????????????????????????? | | # "#??# #?????????????????????????????? | | # " " " " " "#??# #?????????????????????????????? | | # " " " " " ##??# #?????????????????????????????? | | # " " " " " #???# ?????????????????????????????? | | # " " " " " #???###?????????????????????????????? | | # " " " " " #???????????????????????????????????? | | # " " " " " #???????????????????????????????????? | | # " " " " " #???????????????????????????????????? | | # " " " " " #???????????????????????????????????? | | # " " " " " #???????????????????????????????????? | | # #???????????????????????????????????? | | #######+######???????????????????????????????????? | | ????# !!#??????????????????????????????????????? | | ""??# !!#??????????????????????????????????????? | | ""??# #??????????????????????????????????????? | | ""??# """ #??????????????????????????????????????? | | ???# "F" #??????######??????????????????????????? | +----------------------------------------------------+ Best States ------------- Heat Dissipation 93 Energy Generation 65 Energy Capacity 700 Matter Stores 300 Matter Capacity 300 Sight Range 18 Terrain Scan Density 10 Jamming Range 16 Resistance: KI 30 Resistance: TH 15 Weapon Cycling 20 Evasion (%) 78 Targeting Accuracy 12 Target Analysis 10 Core Analysis 8 Armor Integrity Analysis 30 Recoil Reduction 6 Kinecelleration 50 Offensive Hacking 20 Defensive Hacking 20 Relay Coupler Types 1 Relay Coupler Value 55 Item Schematics ----------------- Hvy. EM Pulse Gun | -9/Materials | Extracted Minigun | -8/Materials | Extracted Imp. Launcher Guidance Computer | -7/Factory | Hacked Remote Datajack | -7/Factory | Hacked Wave Gun | -7/Factory | Hacked Recoil Nullifier | -4/Factory | Hacked Cmb. Linear Gravjet | -4/Factory | Hacked Adv. Heavy Siege Treads | -4/Factory | Hacked Robot Schematics ------------------ B-48 Gladiator | -7/Factory | Hacked Fabricated ------------ Remote Datajack | x1 | -7/Factory Recoil Nullifier | x2 | -4/Factory Alien Tech Used ----------------- Dimensional Node Initializer Achievements -------------- Most Wanted Challenges ------------ None RPGLIKE | -11 -10 -10 -9 -9 -9 -8 -8 -8 -8 -8 -7 -7 -7 -7 -7 -7 -5 -5 -5 -5 -4 -4 --------- Run | Scr Mat Min Mat Min Exi Min Mat Gar Mat Gar Fac Was Fac Sto Gar Rec Fac Upp Upp War Pro Fac Levels Raised 28 | . 3 1 5 1 . 1 2 1 1 . 3 . 2 . . . 5 . . 1 1 1 XP Earned 45245 | 3000 4848 1927 7826 707 80 1754 3263 954 1219 434 5363 28 1631 116 226 742 6406 170 176 2062 683 1630 XP Spent 44360 | 1750 3850 100 6330 . 5430 1100 3900 . . . 7470 . 2000 . . . 6680 . . 2800 1900 1050 Upgrades 72 | 4 5 1 17 . 17 1 3 . . . 11 . 1 . . . 5 . . 2 2 3 Power Slot 1 | . . . . . . . . . . . . . . . . . . . . . 1 . Propulsion Slot 4 | 1 1 . . . . . . . . . 1 . . . . . . . . . 1 . Utility Slot 8 | 1 . . . . 1 1 1 . . . 1 . 1 . . . 1 . . 1 . . Weapon Slot 4 | 1 1 . . . 1 . 1 . . . . . . . . . . . . . . . Core Integrity 12 | . . . 4 . 8 . . . . . . . . . . . . . . . . . Heat Dissipation 10 | . . . 4 . 1 . . . . . 4 . . . . . 1 . . . . . Energy Generation 2 | . . . . . . . . . . . 1 . . . . . 1 . . . . . Mass Support 4 | . . 1 . . 1 . 1 . . . . . . . . . 1 . . . . . Inventory Capacity 8 | 1 3 . 1 . . . . . . . 2 . . . . . 1 . . . . . Sight Range 2 | . . . . . . . . . . . 2 . . . . . . . . . . . Ranged Accuracy 3 | . . . . . 3 . . . . . . . . . . . . . . . . . Hack Attack % 4 | . . . 4 . . . . . . . . . . . . . . . . . . . Hack Defense % 4 | . . . 4 . . . . . . . . . . . . . . . . . . . KI Resistance % 2 | . . . . . 2 . . . . . . . . . . . . . . . . . TH Resistance % 3 | . . . . . . . . . . . . . . . . . . . . . . 3 KI Damage % 1 | . . . . . . . . . . . . . . . . . . . . 1 . . Protomatter Created 22435 | . 112 62 446 75 4 220 674 237 550 284 3168 176 2429 . 342 2236 2381 186 310 6045 608 1890 Integrity Restored 25559 | . 336 281 1207 222 . 590 391 278 371 103 2992 21 2249 . 474 2443 3201 290 113 7751 642 1604 Core 19837 | . 336 241 1015 190 . 433 313 177 290 82 2406 . 1779 . 374 1892 2565 238 91 5592 519 1304 Parts 5722 | . . 40 192 32 . 157 78 101 81 21 586 21 470 . 100 551 636 52 22 2159 123 300 Protomatter Decayed 15043 | . . 7 52 . . . 446 103 378 246 2010 45 1552 . 175 1635 1551 85 276 4401 519 1562 Game ------ Seed LinkedLaserInsulator Manual? 0 Play Time 08:07:53 Cumulative 515.2 hours Start 2022.07.03 @ 23:27:59 End 2022.07.05 @ 02:57:07 Sessions 5 Manual Loads 0 Difficulty Rogue Special Mode Winter2019/RPGLIKE Game No. 43 Rogue 38 Adventurer 5 Explorer 0 Win Type - Total 21 Types 6/4/4/0/3/1/2/0/1 Lore% 83 Gallery% 92 Achievement% 82 Wizard Run 0 Options --------- ASCII 0 Keyboard 1 Movement Arrows Keybinds 0 Fullscreen 2 Font 18/SmallcapsGlow Map View 76x50 Tactical HUD 1 Map Filters NONE Filters NONE Steam 1 RUN: 07a781fe-555f-4381-af71-21c7c4f07a76